AoeStats
← sergi234

Nomad

509730705Analyzed
3v3 RM · 5d ago on Sep 27, 2026· 30m 15s· 6 players
Game mode
Random Map
Map size
210×210
Population
200
Speed
Normal
Resources
Standard
Victory
Conquest
Starting age
Dark Age
Ending age
Imperial Age
RankedLock teamsTeams togetherTeam positionsShared explorationLock speedFull tech treeHidden civsTurbo modeCheats
Victory
Defeat
🇪🇸 Italians · Spain
908
+15
🇩🇪 Huns · Germany
860
+17
🇹🇷 Malay · Türkiye
827
+18
🇩🇪 Spanish · Germany
910
-18
🇨🇱 Persians · Chile
885
-17
🇪🇸 Cumans · Spain
842
-15
sergi234
8:26 Loom
13:57 Feudal Age
14:52 Double-Bit Axe
24:08 Castle Age
22:20 Stone Mining
23:39 Horse Collar
24:27 Fletching
Alaz
13:13 Feudal Age
14:18 Double-Bit Axe
17:28 Fishing Lines
22:41 Castle Age
23:28 Bow Saw
23:59 Fletching
24:09 Padded Archer Armor
23:35 Crossbowman
24:20 Thumb Ring
25:04 Gillnets
26:10 Wheelbarrow
26:44 Bodkin Arrow
28:14 Leather Archer Armor
29:32 Ballistics
29:08 Gold Mining
ben00mon
12:49 Loom
14:48 Feudal Age
19:42 Castle Age
19:00 Scale Barding Armor
19:07 Forging
18:45 Horse Collar
19:19 Gold Mining
21:14 Heavy Plow
24:15 Wheelbarrow
26:01 Chain Barding Armor
26:39 Bloodlines
30:25 Husbandry
Valley of happiness
5:43 Loom
14:40 Feudal Age
15:31 Town Watch
16:24 Wheelbarrow
22:02 Castle Age
albertondt
13:18 Loom
15:20 Feudal Age
20:52 Wheelbarrow
22:42 Castle Age
20:40 Fishing Lines
21:48 Town Watch
21:56 Horse Collar
23:23 Bloodlines
23:29 Scale Barding Armor
25:44 Chain Barding Armor
27:57 Forging
ThE_JoKeR
16:30 Feudal Age
15:17 Loom
23:45 Castle Age
Connection lost

Rejoining the realm…

Still unreachable

The connection could not be restored.

Session expired

The server has moved on; the page needs a fresh start.